 Dungeon Crawl Stone Soup version 0.16-a0-119-gc74d62a (console) character file.

51 fofx the Grave Robber (level 4, -3/30 HPs)
             Began as a Human Necromancer on Aug 12, 2014.
             Was an Initiate of Vehumet.
             Slain by a shadow (12 damage)
             ... summoned by miscasting Vampiric Draining
             ... on Level 2 of the Dungeon.
             The game lasted 00:31:11 (2919 turns).

fofx the Grave Robber (Human Necromancer)           Turns: 2919, Time: 00:31:12

HP  -3/30        AC  9     Str  9      XL: 4   Next:  5%
MP   3/8         EV  6     Int 15      God: Vehumet [......]
Gold 129         SH  0     Dex 14      Spells:  3 memorised,  3 levels left

rFire  + . .     SeeInvis .     r - +0 mace (crush)
rCold  . . .     Clarity  +     s - +3 scale mail {rF+}
rNeg   . . .     rCorr    .     (no shield)
rPois  .         rRot     .     (no helmet)
rElec  .         Spirit   .     (no cloak)
SustAb .         Warding  .     (no gloves)
rMut   .         Stasis   .     (no boots)
Gourm  .                        i - amulet of clarity
MR     .....                    k - ring of stealth
                                j - ring of invisibility

@: lethally poisoned, very slightly contaminated, not resistant to hostile
enchantments, very unstealthy
A: no striking features
a: Renounce Religion, Evoke Invisibility


You were on level 2 of the Dungeon.
You worshipped Vehumet.
Vehumet was noncommittal.
You were not hungry.

You visited 1 branch of the dungeon, and saw 2 of its levels.

You collected 129 gold pieces.

Inventory:

Hand weapons
 g - a +0 hand axe
 r - a +0 mace of crushing (weapon)
Missiles
 m - 12 bolts of flame
Armour
 q - a +0 robe
 s - a +3 scale mail of fire resistance (worn)
Magical devices
 o - a wand of flame (9)
Comestibles
 c - a bread ration
 d - 2 fruits
 t - a chunk of bat flesh
Scrolls
 a - a scroll of random uselessness {unknown}
 l - 3 scrolls of teleportation
Jewellery
 i - an amulet of clarity (around neck)
 j - a ring of invisibility (left hand)
 k - a ring of stealth (right hand)
 p - an uncursed ring of see invisible
Potions
 e - a potion of decay {unknown}
 f - a potion of haste
 h - a potion of curing
 n - a potion of flight
 u - a potion of magic {unknown}
Books
 b - a book of Necromancy

   Spells                             Type                      Level
   *Pain                              Necromancy                   1
   *Animate Skeleton                  Necromancy                   1
   *Vampiric Draining                 Necromancy                   3
   Regeneration                       Charms/Necromancy            3
   Animate Dead                       Necromancy                   4
   Control Undead                     Necromancy                   4


   Skills:
 + Level 2.2 Dodging
 + Level 2.0 Stealth
 + Level 2.6 Spellcasting
 + Level 4.8 Necromancy


You had 3 spell levels left.
You knew the following spells:

 Your Spells              Type           Power        Failure   Level  Hunger
a - Pain                  Necr           ###.         56%         1    #......
b - Vampiric Draining     Necr           ###.......   98%         3    ####...
c - Animate Skeleton      Necr           N/A          56%         1    #......


Dungeon Overview and Level Annotations

Branches:
Dungeon (2/15)

Altars:
Vehumet


Message History

You feel sick. The adder bites you but does no damage. The shadow hits you.
Your rat skeleton closely misses the adder.
The adder bites you but does no damage.
You closely miss the adder.
The adder is severely wounded.
You feel sick.
The shadow slips into darkness!
Deactivating autopickup; reactivate with Ctrl-A.
The adder closely misses you. The shadow hits you.
Your rat skeleton closely misses the adder.
You closely miss the adder.
The adder is severely wounded.
You feel sick. The adder bites you but does no damage.
The shadow strikes at you from the darkness!
* * * LOW HITPOINT WARNING * * *
Reactivating autopickup.
The shadow slips into darkness!
Deactivating autopickup; reactivate with Ctrl-A.
Your rat skeleton misses the adder.
The adder barely misses you.
The shadow strikes at you from the darkness!
You die...

................
...#.#########.#. ...#+#...
.....## ......#.....#...
.....+.....+...
####....#.....#...
..#####......(#.....#...
...............#.....#...
........@SZ..........#...
.......{W...##.......#...
#####......##.......#...
###########......#...
#....................
####....Z...............
####............)..........
#.........####.............
#####.........#
#........###..


You could see a shadow, an adder and a friendly rat skeleton.

Vanquished Creatures
  Terence (D:2)
  An adder (D:2)
  A giant gecko (D:1)
  5 goblins
  5 hobgoblins
  5 kobolds
  3 bats
  A giant cockroach (D:1)
  4 giant newts (D:1)
  5 rats
31 creatures vanquished.

Vanquished Creatures (others)
  A bat skeleton (D:2)
  A rat skeleton (D:2)
2 creatures vanquished.

Grand Total: 33 creatures vanquished

Notes
Turn   | Place    | Note
--------------------------------------------------------------
     0 | D:1      | fofx, the Human Necromancer, began the quest for the Orb.
     0 | D:1      | Reached XP level 1. HP: 13/13 MP: 3/3
   394 | D:1      | Reached XP level 2. HP: 14/19 MP: 0/4
  1247 | D:1      | Reached XP level 3. HP: 21/24 MP: 4/6
  1270 | D:1      | Learned a level 3 spell: Vampiric Draining
  1967 | D:2      | Found a radiant altar of Vehumet.
  1983 | D:2      | Learned a level 1 spell: Animate Skeleton
  1986 | D:2      | Became a worshipper of Vehumet
  2724 | D:2      | Noticed Terence
  2739 | D:2      | Killed Terence
  2739 | D:2      | Reached XP level 4. HP: 25/30 MP: 0/8
  2916 | D:2      | Noticed a shadow
  2916 | D:2      | Noticed a shadow
  2919 | D:2      | Slain by a shadow

Action                   |  1- 3 |  4- 6 || total
-------------------------+-------+-------++-------
Melee: Unarmed           |    11 |       ||    11
       Hand axe          |    20 |       ||    20
       Mace              |       |     8 ||     8
 Cast: Pain              |    50 |     2 ||    52
       Vampiric Draining |     3 |       ||     3
       Animate Skeleton  |     2 |     1 ||     3
  Use: Scroll            |     7 |       ||     7
  Eat: Bread ration      |     1 |       ||     1
       Fruit             |     1 |       ||     1
       Meat ration       |     1 |       ||     1
